Description

Roach Hydra

VOD

https://youtu.be/9NaIBz5Slu0

Replay - Dark v INnoVation: Game 4 - 해비테이션 스테이션 - 래더 (공허의 유산)

Build Order

Get SALT Encoding   

  13  0:13  Overlord  
  17  0:46  Extractor  
  17  0:54  Spawning Pool  
  18  1:19  Hatchery  
  19  1:40  Queen  
  19  1:42  Zergling x2  
  22  1:48  Metabolic Boost  
  22  2:01  Overlord  
  22  2:19  Queen  
  27  2:31  Queen  
  31  2:45  Overlord  
  36  3:01  Overlord  
  37  3:08  Queen  
  37  3:11  Zergling x4  
  46  3:35  Extractor  
  46  3:37  Zergling x2  
  46  3:39  Overlord  
  46  3:40  Roach Warren  
  45  3:43  Queen  
  49  3:57  Hatchery  
  49  4:01  Extractor x2  
  50  4:22  Roach x6  
  61  4:29  Roach  
  63  4:34  Extractor  
  64  4:43  Ravager x3  
  68  4:56  Roach x3, Zergling x2  
  77  5:12  Lair  
  78  5:19  Ravager  
  84  5:28  Queen  
  85  6:04  Zergling x10  
  92  6:21  Glial Reconstitution  
  92  6:25  Evolution Chamber  
  93  6:27  Infestation Pit  
  94  6:37  Extractor x2  
  94  6:38  Burrow  
  94  6:42  Ravager x3  
  106  6:55  Zerg Missile Weapons Level 1  
  106  6:57  Evolution Chamber  
  105  7:02  Hatchery  
  110  7:08  Hive  
  110  7:09  Infestor x2  
  115  7:22  Ravager  
  115  7:23  Zerg Ground Armor Level 1  
  122  7:32  Overseer  
  122  7:37  Extractor  
  131  7:56  Tunneling Claws  
  139  8:08  Queen  
  149  8:21  Viper x2  
  175  9:09  Queen  
  175  9:10  Extractor  
  175  9:15  Zerg Missile Weapons Level 2  
  174  9:19  Zerg Ground Armor Level 2, Hydralisk Den  
  184  9:38  Viper  
  184  9:41  Hatchery  
  194  9:55  Muscular Augments  
Spawning Tool Build Advisor. Get it on Overwolf

Go to:

Details

  • Created by: Nelsquik
  • Published on: May 06, 2017
  • Modified on: May 07, 2017
  • Patch: 3.8.0
Show
View Real Time Build Order
Export as new Build Order

Comments (0)

There are no comments. Be the first!

Create an account to comment!